 Dungeon Crawl Stone Soup version 0.30-a0-137-gd8773701ce (webtiles) character file.

Game seed: 40543865519097983

32 Raymar the Charlatan (level 3, 0/26 HPs)
             Began as a Human Artificer on Sept 23, 2022.
             Succumbed to an adder's poison
             ... on level 2 of the Dungeon.
             The game lasted 00:04:36 (1735 turns).

Raymar the Charlatan (Human Artificer)              Turns: 1735, Time: 00:04:37

Health: 0/26       AC:  3    Str: 12    XL:     3   Next: 45%
Magic:  3/3        EV: 11    Int: 13    God:
Gold:   106        SH:  0    Dex: 13    Spells: 3/3 levels left

rFire   . . .      SeeInvis .    f - +3 dagger
rCold   + . .      Faith    .    (no shield)
rNeg    . . .      Spirit   .    b - +0 leather armour
rPois   .          Reflect  .    (no helmet)
rElec   .          Harm     .    (no cloak)
rCorr   .          Rampage  .    (no gloves)
Will    .....                    (no boots)
Stlth   +.........               (no amulet)
HPRegen 0.08/turn                a - ring of protection from cold
MPRegen 0.08/turn                k - ring of wizardry

@: lethally poisoned (0 -> -2)
A: no striking features
a: no special abilities


You were on level 2 of the Dungeon.
You visited 1 branch of the dungeon, and saw 2 of its levels.

You collected 106 gold pieces.

Inventory:

Hand Weapons
 f - a +3 dagger (weapon)
Armour
 b - a +0 leather armour (worn)
Jewellery
 a - a ring of protection from cold (left hand)
 k - a ring of wizardry (right hand)
Wands
 d - a wand of charming (15)
 e - a wand of iceblast (4)
Potions
 g - a potion of heal wounds {unknown}
 h - a potion of berserk rage {unknown}
 i - 2 potions of magic {unknown}
 j - a potion of invisibility {unknown}


   Skills:
 + Level 1.1 Fighting
 - Level 0.3 Maces & Flails
 + Level 2.1 Armour
 - Level 1.0 Dodging
 * Level 1.2 Stealth
 * Level 0.5 Spellcasting
 + Level 3.8 Evocations


You had 3 spell levels left.
You didn't know any spells.
Your spell library was empty.

Dungeon Overview and Level Annotations

Branches:
Dungeon (2/15)

Altars:


Message History

The puff of flame hits the adder!
The adder is severely wounded.
Aiming: Throw Flame
Press: ? - help, Q - select action, (/) - cycle Shift-Dir - straight line, f/p - adder
Aim: an adder (severely wounded, 53% to hit)
The puff of flame misses the adder.
The adder closely misses you. x3
Aiming: Throw Flame
Press: ? - help, Q - select action, (/) - cycle Shift-Dir - straight line, f/p - adder
Aim: an adder (severely wounded, 53% to hit)
The puff of flame misses the adder.
The adder closely misses you. x2
The adder attacks as you move away! The adder bites you but does no damage.
The adder barely misses you. The adder bites you. The adder closely misses you.
Aiming: Throw Flame
Press: ? - help, Q - select action, (/) - cycle Shift-Dir - straight line, f/p - adder
Aim: an adder (severely wounded, 53% to hit)
The puff of flame misses the adder.
The puff of flame hits the hobgoblin.
You kill the hobgoblin!
The now-empty wand crumbles to dust.
The adder closely misses you. The adder bites you.
You are poisoned.
The adder poisons you! The adder attacks as you move away! The adder bites you.
You feel sick. The adder barely misses you.
Aiming: Iceblast
Press: ? - help, Q - select action, (/) - cycle Shift-Dir - straight line, f - endoplasm, p - adder
Aim: an endoplasm That beam is likely to hit you.
Continue anyway?
Uppercase [Y]es or [N]o only, please.
That beam is likely to hit you.
Continue anyway?
The mass of ice explodes!
The iceblast engulfs the adder!
You kill the adder!
The iceblast engulfs you! You partially resist.
Ouch! That really hurt!
* * * LOW HITPOINT WARNING * * *
The iceblast engulfs the adder.
You kill the adder!
You die...

#.# ##### #.######.## ###...#
##########.#........ .##...#
#.......##.#....$... ......#
#†......##.#........ .....(#
#†.........#........ ...b###
#..........#........
....######..........#........
................@†.J...>.....
....######.......†.(#........
##### ########...##....###
##### ....# $...# ....# ....#
....#


You could see an endoplasm.

Vanquished Creatures
  2 adders (D:2)
  A dart slug (D:1)
  5 endoplasms
  A giant cockroach (D:1)
  2 goblins (D:1)
  5 hobgoblins
  3 kobolds (D:1)
  2 quokkas (D:1)
  3 ball pythons (D:1)
  2 bats
  3 rats (D:1)
29 creatures vanquished.

Notes
Turn   | Place    | Note
-------+----------+-------------------------------------------
     0 | D:1      | Raymar the Human Artificer began the quest for the Orb.
     0 | D:1      | Reached XP level 1. HP: 15/15 MP: 1/1
   549 | D:1      | Reached XP level 2. HP: 21/21 MP: 2/2
  1071 | D:1      | Reached XP level 3. HP: 26/26 MP: 3/3
  1735 | D:2      | HP: 1/26 [shot self (14)]
  1735 | D:2      | Succumbed to an adder's poison

Illustrated notes

Levels and vault maps discovered:
D:1:      dpeg_arrival_arbitrary_a, layout_basic
D:2:      layout_basic, basic_altar

Action                   || total
-------------------------++-------
Melee: Club              ||    24
       Dagger            ||    41
Evoke: Wand              ||    16
  Use: Scroll            ||     5
 Stab: Sleeping          ||     2
Armor: Leather armour    ||    16
Dodge: Dodged            ||    47

Table legend: (Time is in decaauts)
 A = Elapsed time spent in this place.
 B = Non-inter-level travel time spent in this place.
 C = Inter-level travel time spent in this place.
 D = Time resting spent in this place.
 E = Time spent auto-exploring this place.
 F = Levels seen in this place.
 G = Mean time per level.
                   A        B        C        D        E       F      G
               +--------+--------+--------+--------+--------+-----+--------+
         Total |   1740 |   1727 |     13 |    699 |    685 |   2 |  870.0 |
       Dungeon |   1740 |   1727 |     13 |    699 |    685 |   2 |  870.0 |
               +--------+--------+--------+--------+--------+-----+--------+

Top non-repeatable levels by time:
     D:1: 1652 daAuts
     D:2: 87 daAuts
